 Dungeon Crawl Stone Soup version 0.24.1 (webtiles) character file.

Game seed: 8683522572149945291, levelgen mode: deterministic

119 Chiseanne the Chucker (level 5, -5/55 HPs)
             Began as an Ogre Hunter on Mar 31, 2020.
             Was an Initiate of Gozag.
             Slain by a gnoll
             ... wielding a +0 club
              (9 damage)
             ... on level 3 of the Dungeon.
             The game lasted 00:05:29 (3170 turns).

Chiseanne the Chucker (Ogre Hunter)                 Turns: 3170, Time: 00:05:30

Health: -5/55      AC:  3    Str: 16    XL:     5   Next: 3%
Magic:  0/5        EV: 10    Int: 12    God:    Gozag
Gold:   268        SH:  0    Dex: 10    Spells: 4/4 levels left

rFire    . . .     SeeInvis .   a - +1 flail
rCold    . . .     Gourm    .   (no shield)
rNeg     . . .     Faith    .   b - +0 robe
rPois    .         Spirit   +   (helmet restricted)
rElec    .         Reflect  .   (no cloak)
rCorr    +         Harm     .   (gloves unavailable)
MR       .....                  (boots unavailable)
Stlth    +.........             i - amulet of guardian spirit
HPRegen  0.18/turn              m - ring of wizardry
MPRegen  0.09/turn              q - ring of resist corrosion

@: lethally poisoned (-5 -> -8)
A: large, unfitting armour, tough skin 1
a: Potion Petition, Call Merchant, Bribe Branch, Renounce Religion


You were on level 3 of the Dungeon.
You worshipped Gozag.
Gozag was aware of your devotion.
You were not hungry.

You visited 1 branch of the dungeon, and saw 4 of its levels.

You collected 301 gold pieces.
You paid 33 gold pieces to Gozag.

Inventory:

Hand Weapons
 a - a +1 flail (weapon)
Missiles
 c - 4 large rocks (quivered)
 d - 2 throwing nets
 l - 102 stones
 n - 18 bolts
 p - 10 poisoned darts
Armour
 b - a +0 robe (worn)
Jewellery
 i - an amulet of guardian spirit (around neck)
 m - a ring of wizardry (left hand)
 q - a ring of resist corrosion (right hand)
Scrolls
 h - a scroll of teleportation
 j - a scroll of blinking
 o - a scroll of immolation
Potions
 e - 2 potions of heal wounds {unknown}
 g - a potion of degeneration {unknown}
 k - 2 potions of curing {unknown}
 r - a potion of invisibility {unknown}
 t - a potion of flight {unknown}
 u - a potion of agility {unknown}
Comestibles
 f - 4 rations


   Skills:
 * Level 4.3 Fighting
 * Level 0.3 Maces & Flails
 * Level 4.8 Throwing
 * Level 2.9 Dodging
 - Level 0.6 Stealth


You had 4 spell levels left.
You didn't know any spells.
Your spell library was empty.

Dungeon Overview and Level Annotations

Branches:
Dungeon (4/15)
 Temple: D:4-7

Altars:
Gozag
Kikubaaqudgha
Nemelex Xobeh
Vehumet

Annotations:
D:4 Menkaure


Innate Abilities, Weirdness & Mutations

You are too large for most types of armour.
You have tough skin. (AC +1)


Message History

Really target yourself? [Y]es or [N]o only, please.
Really target yourself?
Okay, then.
Throwing (i - inventory. (/) - cycle)
c - 5 large rocks (quivered)
Press: ? - help, Shift-Dir - straight line, f - you Really target yourself?
Okay, then.
Throwing (i - inventory. (/) - cycle)
c - 5 large rocks (quivered)
Press: ? - help, Shift-Dir - straight line, f - worker ant
Aim: a worker ant (moderately wounded)
You throw a large rock. The large rock hits the worker ant!
The worker ant is severely wounded.
You feel sick. The worker ant bites you.
* * * LOW HITPOINT WARNING * * *
The gnoll hits you from afar with a +0 spear!
* * * LOW HITPOINT WARNING * * *
The worker ant closely misses you. The gnoll hits you with a +0 club!
You die...
Your body crumbles into a pile of gold.

########).#....#
#.........#.#
#.#####.#.#.#
#.# #.#.# #
###.#####.#.# $
#............
#g#.#####.#.. #
#g#.# #.#... #.
#@#.# #[#...
.####.####a#.#
###
..........g..#
.)
#####.####.###
.# #
#.####.#####.
#............
######.#####. .#
.#


You could see a worker ant and 3 gnolls.

Vanquished Creatures
  2 gnolls (D:3)
  3 adders
  An ooze (D:2)
  2 worms
  2 dart slugs (D:2)
  A leopard gecko (D:1)
  8 bats
  2 giant cockroaches
  8 hobgoblins
  A quokka (D:2)
  2 ball pythons (D:2)
  5 frilled lizards
  8 goblins
  9 kobolds
  5 rats
59 creatures vanquished.

Notes
Turn   | Place    | Note
-------+----------+-------------------------------------------
     0 | D:1      | Chiseanne the Ogre Hunter began the quest for the Orb.
     0 | D:1      | Reached XP level 1. HP: 22/22 MP: 1/1
   412 | D:1      | Reached XP level 2. HP: 28/31 MP: 2/2
  1051 | D:1      | Reached XP level 3. HP: 36/37 MP: 3/3
  1594 | D:2      | Found an opulent altar of Gozag.
  1623 | D:2      | Became a worshipper of Gozag Ym Sagoz the Greedy
  1655 | D:2      | Found an ancient bone altar of Kikubaaqudgha.
  1680 | D:2      | Reached XP level 4. HP: 27/48 MP: 4/4
  1818 | D:2      | Found a radiant altar of Vehumet.
  2504 | D:3      | Found a sparkling altar of Nemelex Xobeh.
  2926 | D:4      | Noticed Menkaure
  2940 | D:3      | Reached XP level 5. HP: 14/55 MP: 1/5
  3170 | D:3      | Slain by a gnoll

Levels and vault maps discovered:
D:1:      minmay_arrival_stair_chambers, layout_loops_ring, bh_walls_and_bars
D:2:      layout_loops_corners, nicolae_overflow_crystal_walls,
          kiku_gazebo_pond_becter, nicolae_gozag_seed_capital
D:3:      layout_loops_ring, lemuel_doored_altar,
          chequers_temple_overflow_minitemple, first_ration
D:4:      layout_rooms, uniq_menkaure

Skill      XL: |  1  2  3  4 |
---------------+-------------+-----
Fighting       | 3 4 |  4.3
Dodging        | 2 |  2.9
Maces & Flails | |  0.3
Throwing       | |  4.8
Stealth        | |  0.6

Action                   |  1- 3 |  4- 6 || total
-------------------------+-------+-------++-------
Melee: Short sword       |   163 |    72 ||   235
       Flail             |       |     7 ||     7
Throw: Large rock        |       |     2 ||     2
  Use: Scroll            |     3 |     5 ||     8
 Stab: Sleeping          |     3 |       ||     3
       Distracted        |       |     1 ||     1
  Eat: Ration            |     2 |       ||     2
       Chunk             |     2 |       ||     2
Armor: Robe              |    59 |    12 ||    71
Dodge: Dodged            |    91 |    50 ||   141
